 Dungeon Crawl Stone Soup version 0.25.1-2-g60ff931df9 (webtiles) character file.

Game seed: 2281798366994636658

126 H0rd4k the Insei (level 5, -4/33 HPs)
             Began as an Octopode Transmuter on Aug 27, 2020.
             Slain by an orc
             ... wielding a +0 flail
              (10 damage)
             ... on level 2 of the Dungeon.
             The game lasted 00:04:40 (3702 turns).

H0rd4k the Insei (Octopode Transmuter)              Turns: 3702, Time: 00:04:41

Health: -4/33      AC:  1    Str:  9    XL:     5   Next: 10%
Magic:  8/9        EV: 13    Int: 17    God:
Gold:   189        SH:  0    Dex: 12    Spells: 3/9 levels left

rFire    . . .     SeeInvis .     - Unarmed
rCold    . . .     Gourm    .   (no shield)
rNeg     . . .     Faith    .   (helmet restricted)
rPois    .         Spirit   .   (no amulet)
rElec    .         Reflect  .   (no ring)
rCorr    .         Harm     .   (no ring)
MR       .....                  (no ring)
Stlth    +++.......             (no ring)
HPRegen  0.11/turn              (no ring)
MPRegen  0.11/turn              (no ring)
                                (no ring)
                                (no ring)

@: appendage
A: almost no armour, stealthy swim, amphibious, 8 rings, constrict 8, tentacle
spike 3, camouflage 1, gelatinous body 1
a: End Transformation


You were on level 2 of the Dungeon.
You were not hungry.
One of your tentacles had a temporary spike.
You visited 1 branch of the dungeon, and saw 3 of its levels.

You collected 189 gold pieces.

Inventory:

Missiles
 a - 24 arrows
Wands
 p - a wand of random effects (19)
Scrolls
 b - 3 scrolls of magic mapping {unknown}
 d - a scroll of remove curse {unknown}
 e - a scroll of identify {unknown}
 i - 2 scrolls of immolation {unknown}
 l - a scroll of blinking {unknown}
 m - 2 scrolls of teleportation {unknown}
Potions
 f - a potion of brilliance {unknown}
 g - a potion of stabbing {unknown}
 h - 2 potions of mutation {unknown}
 j - a potion of lignification {unknown}
 k - a potion of flight {unknown}
 n - a potion of cancellation {unknown}
 o - a potion of degeneration {unknown}
 q - a potion of haste {unknown}
Comestibles
 c - 4 rations


   Skills:
 + Level 1.4 Fighting
 + Level 2.3 Dodging
 + Level 2.2 Stealth
 + Level 4.0 Unarmed Combat
 * Level 2.7 Spellcasting
 * Level 2.6 Transmutations


You had 3 spell levels left.
You knew the following spells:

 Your Spells              Type           Power        Failure   Level  Hunger
a - Beastly Appendage     Tmut           ##....       6%          1    #......
b - Sticks to Snakes      Tmut           ##......     9%          2    ##.....
c - Spider Form           Tmut/Pois      #.........   30%         3    ###....

Your spell library contained the following spells:

 Spells                   Type           Power        Failure   Level  Hunger
 Ice Form                 Ice/Tmut       #.......     71%         4    #####..
 Blade Hands              Tmut           ##........   86%         5    ######.


Dungeon Overview and Level Annotations

Branches:
Dungeon (3/15)

Altars:

Annotations:
D:2 exclusion: downstairs, Sigmund


Innate Abilities, Weirdness & Mutations

You cannot wear most types of armour.
You are very stealthy in the water. (Stealth+)
You are amphibious.
You can wear up to eight rings at the same time.
You can use your tentacles to constrict eight enemies at once.
Your skin changes colour to match your surroundings (Stealth+).
Your rubbery body absorbs attacks. (AC +1, EV +1)
One of your tentacles bears a large vicious spike.


Message History

The magic dart hits you!
There is a stone staircase leading up here.
The orc barely misses you.
You climb upwards.
Level annotation: exclusion: downstairs, Sigmund Reactivating autopickup.
There is a stone staircase leading down here.
Casting: Beastly Appendage (safe; 6% risk of failure)
Confirm with . or Enter, or press ? or * to list all spells.
One of your tentacles grows a vicious spike.
The orc hits you with a +0 flail!
You barely miss the orc. Your grab misses the orc.
All of the chunks of flesh in your inventory have rotted away.
You tentacle-slap the orc but do no damage.
Your grab misses the orc. The orc hits you with a +0 flail.
* * * LOW HITPOINT WARNING * * *
You tentacle-slap the orc. Your grab misses the orc.
The orc is severely wounded.
The orc hits you with a +0 flail!
You die...

####### #.#.# #.#
......########.#.###.#
#####.#........#.....# #
#.#.######.#.###.#
#####.#..............#
....#....#####.#.##..#
...........###.#.##..#
....#....#.....#.##..#
...............o@##..#
###.#.#.........))...#
###.#<......#..#####.###
..#.#.....#.#..........#
#.#.#.##....#.....##.#.#
#...........#........#.#
###.#.#.....#........#.#
.........#.......###.#.#
..#.#.##.#.##..........#


You could see an orc.

Vanquished Creatures
  Robin (D:2)
  3 adders (D:2)
  An ooze (D:2)
  5 worms (D:2)
  A dart slug (D:1)
  A leopard gecko (D:2)
  An orc (D:2)
  5 giant cockroaches
  14 goblins
  7 hobgoblins
  5 bats
  8 frilled lizards
  9 kobolds
  5 rats
  2 fungi (D:1)
68 creatures vanquished.

Vanquished Creatures (others)
  3 toadstools (D:1)
3 creatures vanquished.

Grand Total: 71 creatures vanquished

Notes
Turn   | Place    | Note
-------+----------+-------------------------------------------
     0 | D:1      | H0rd4k the Octopode Transmuter began the quest for the Orb.
     0 | D:1      | Reached XP level 1. HP: 13/13 MP: 3/3
   582 | D:1      | Reached XP level 2. HP: 18/18 MP: 5/5
  1329 | D:1      | Learned a level 2 spell: Sticks to Snakes
  1373 | D:2      | Reached XP level 3. HP: 18/23 MP: 6/6
  1378 | D:2      | Learned a level 3 spell: Spider Form
  1460 | D:2      | Reached skill level 1 in Stealth
  1746 | D:2      | Noticed Sigmund
  2083 | D:2      | Reached XP level 4. HP: 28/28 MP: 4/7
  2921 | D:2      | Noticed Robin
  2964 | D:2      | Killed Robin
  2964 | D:2      | Reached skill level 4 in Unarmed Combat
  2964 | D:2      | Reached XP level 5. HP: 17/33 MP: 7/9
  3702 | D:2      | Slain by an orc

Illustrated notes

Levels and vault maps discovered:
D:1:      onia_arrival_mini_spirals, layout_basic, minmay_gold_behind_fungi
D:2:      cheibrodos_helix_gallery, layout_basic, first_ration,
          minmay_split_cup_small, uniq_sigmund, uniq_robin
D:3:      layout_basic, gammafunk_ghost_stat_death,
          minmay_misc_feat_four_crosses

Skill      XL: |  1  2  3  4 |
---------------+-------------+-----
Stealth        | 1 2 |  2.2
Unarmed Combat | 4 |  4.0
Fighting       | |  1.4
Dodging        | |  2.3
Spellcasting   | |  2.7
Transmutations | |  2.6

Action                   |  1- 3 |  4- 6 || total
-------------------------+-------+-------++-------
Melee: Unarmed           |    99 |    82 ||   181
       Constrict         |    23 |    22 ||    45
       Tentacles         |    19 |    13 ||    32
       Punch             |     3 |       ||     3
       Kick              |     8 |     9 ||    17
 Cast: Beastly Appendage |     4 |     6 ||    10
 Stab: Sleeping          |     7 |     3 ||    10
  Eat: Chunk             |     3 |     6 ||     9
Armor: Skin              |     7 |     5 ||    12
Dodge: Dodged            |    44 |    45 ||    89
